[ AOE2 MATCH · #458954580 ]
Team RMMongols vs Persians
[ REPLAY ANALYSIS · EXTRACTED FROM THE RECORDED GAME ]
Feudal
11:21
Castle
15:00
Imperial
35:15
| APM avg | 29.2 |
| APM peak | 64 |
| eAPM avg | 19.1 |
| Villagers / military | 231 / 81 |
Focus
⚔️ 21.3% · 🌾 78.7%
Scout Cavalry ×31 · Steppe Lancer ×29 · Mangudai ×21
Feudal
10:53
Castle
14:34
Imperial
34:56
| APM avg | 21.0 |
| APM peak | 41 |
| eAPM avg | 13.1 |
| Villagers / military | 142 / 61 |
Focus
⚔️ 18.0% · 🌾 82.0%
Camel Scout ×40 · Skirmisher ×15 · Mangonel ×3 · Monk ×2 · Knight ×1
Feudal
11:02
Castle
14:50
Imperial
33:49
| APM avg | 49.3 |
| APM peak | 99 |
| eAPM avg | 27.1 |
| Villagers / military | 120 / 209 |
Focus
⚔️ 38.9% · 🌾 61.1%
Militia ×92 · Spearman ×83 · Battering Ram ×20 · Scout Cavalry ×11 · Mangonel ×2 · Konnik ×1
Feudal
10:31
Castle
14:02
Imperial
—
| APM avg | 20.1 |
| APM peak | 66 |
| eAPM avg | 10.6 |
| Villagers / military | 81 / 20 |
Focus
⚔️ 25.4% · 🌾 74.6%
Monk ×14 · Armored Elephant ×4 · Mangonel ×2
Feudal
11:48
Castle
15:49
Imperial
27:29
| APM avg | 41.4 |
| APM peak | 83 |
| eAPM avg | 23.3 |
| Villagers / military | 151 / 219 |
Focus
⚔️ 33.9% · 🌾 66.1%
Militia ×106 · Knight ×103 · Throwing Axeman ×7 · Petard ×3
Feudal
10:52
Castle
18:48
Imperial
41:29
| APM avg | 42.6 |
| APM peak | 75 |
| eAPM avg | 22.7 |
| Villagers / military | 125 / 245 |
Focus
⚔️ 34.8% · 🌾 65.2%
Spearman ×200 · Composite Bowman ×43 · Monk ×2
Feudal
11:31
Castle
15:26
Imperial
28:53
| APM avg | 21.0 |
| APM peak | 54 |
| eAPM avg | 14.8 |
| Villagers / military | 167 / 25 |
Focus
⚔️ 11.6% · 🌾 88.4%
Longbowman ×23 · Mangonel ×2
Feudal
9:26
Castle
23:02
Imperial
—
| APM avg | 37.2 |
| APM peak | 102 |
| eAPM avg | 20.4 |
| Villagers / military | 96 / 322 |
Focus
⚔️ 38.9% · 🌾 61.1%
Steppe Lancer ×302 · Battering Ram ×15 · Camel Scout ×5
Match map
Initial resources + every placement click. Lines = walls · curves = elevation contours. ◆ gold · ⬟ stone · ● berries · ✦ relic · ◌ wall gap
Your base· ✓ Closed at 15:00 · 0t walls · 2 gate(s)
docsparkles's base· ✓ Closed at 14:34 · 0t walls · 2 gate(s)
ZzzQqq's base· ✓ Closed at 14:50 · 0t walls · 2 gate(s)
SCAB's base· ✓ Closed at 14:02 · 0t walls · 2 gate(s)
Qiuuuuuu2。's base· ✓ Closed at 15:49 · 7t walls · 2 gate(s)
彭大帅's base· ✓ Closed at 18:48 · 0t walls · 2 gate(s)
630406632's base· ✓ Closed at 15:26 · 0t walls · 2 gate(s)
B站孤岛求生's base· ✓ Closed at 23:02 · 0t walls · 2 gate(s)
Smoothed initial terrain · ◌ = detected wall gap · hover for details
Inputs per minute
— 冲车与羽箭手间滴故事 - - docsparkles
Build order — 冲车与羽箭手间滴故事
First 150 of 524 actions detected
| 0:01 | Create | Villager (Male) |
| 0:01 | Create | Villager (Male) |
| 0:01 | Create | Villager (Male) |
| 0:02 | Create | Villager (Male) |
| 0:02 | Create | Villager (Male) |
| 0:04 | Build | House |
| 0:07 | Build | House |
| 1:28 | Create | Villager (Male) |
| 1:28 | Create | Villager (Male) |
| 1:45 | Create | Villager (Male) |
| 1:45 | Create | Villager (Male) |
| 2:22 | Create | Villager (Male) |
| 2:22 | Create | Villager (Male) |
| 2:36 | Build | Lumber Camp |
| 2:45 | Create | Villager (Male) |
| 2:45 | Create | Villager (Male) |
| 2:45 | Create | Villager (Male) |
| 3:25 | Build | House |
| 3:43 | Create | Villager (Male) |
| 3:43 | Create | Villager (Male) |
| 3:43 | Create | Villager (Male) |
| 3:43 | Create | Villager (Male) |
| 3:44 | Create | Villager (Male) |
| 3:50 | Build | House |
| 4:27 | Build | House |
| 4:55 | Create | Villager (Male) |
| 4:56 | Create | Villager (Male) |
| 5:04 | Build | House |
| 5:13 | Create | Villager (Male) |
| 5:13 | Create | Villager (Male) |
| 5:42 | Build | House |
| 5:58 | Create | Villager (Male) |
| 5:59 | Create | Villager (Male) |
| 6:10 | Build | Mill |
| 7:29 | Create | Villager (Male) |
| 7:37 | Build | Lumber Camp |
| 8:05 | Create | Villager (Male) |
| 8:28 | Create | Villager (Male) |
| 8:50 | Build | Mining Camp |
| 8:54 | Research | Feudal Age |
| 8:59 | Build | Farm |
| 9:03 | Build | Farm |
| 9:30 | Build | Farm |
| 9:32 | Build | Farm |
| 10:49 | Create | Villager (Male) |
| 10:49 | Create | Villager (Male) |
| 11:21 | Age | Feudal Age |
| 11:26 | Build | Market |
| 11:28 | Build | Blacksmith |
| 12:01 | Build | Mining Camp |
| 12:18 | Build | Barracks |
| 12:20 | Research | Castle Age |
| 12:27 | Build | House |
| 12:34 | Research | Double-Bit Axe |
| 13:00 | Research | Horse Collar |
| 13:04 | Build | House |
| 14:05 | Create | Villager (Male) |
| 14:06 | Build | House |
| 14:08 | Build | House |
| 14:42 | Build | House |
| 14:42 | Build | House |
| 14:43 | Build | House |
| 14:45 | Build | House |
| 14:50 | Create | Villager (Male) |
| 15:00 | Age | Castle Age |
| 15:02 | Research | Bow Saw |
| 15:05 | Build | Town Center |
| 15:17 | Build | Town Center |
| 15:23 | Research | Heavy Plow |
| 15:38 | Build | Farm |
| 15:39 | Create | Villager (Male) |
| 15:39 | Create | Villager (Male) |
| 15:45 | Build | Farm |
| 16:09 | Create | Villager (Male) |
| 16:09 | Create | Villager (Male) |
| 16:14 | Build | Farm |
| 16:24 | Build | Farm |
| 16:27 | Build | Farm |
| 16:30 | Build | Farm |
| 16:34 | Build | Farm |
| 16:38 | Create | Villager (Male) |
| 16:38 | Create | Villager (Male) |
| 16:43 | Build | House |
| 16:54 | Build | Farm |
| 17:05 | Create | Villager (Male) |
| 17:05 | Create | Villager (Male) |
| 17:09 | Build | Farm |
| 17:11 | Build | Farm |
| 17:13 | Build | Farm |
| 17:17 | Create | Villager (Male) |
| 17:18 | Create | Villager (Male) |
| 17:21 | Build | Farm |
| 17:25 | Create | Villager (Male) |
| 17:25 | Create | Villager (Male) |
| 17:28 | Build | Farm |
| 17:44 | Build | Farm |
| 17:45 | Create | Villager (Male) |
| 17:45 | Create | Villager (Male) |
| 17:53 | Create | Villager (Male) |
| 17:53 | Create | Villager (Male) |
| 17:59 | Create | Villager (Male) |
| 17:59 | Create | Villager (Male) |
| 18:02 | Build | House |
| 18:03 | Build | House |
| 18:08 | Build | Farm |
| 18:12 | Build | Farm |
| 18:12 | Create | Villager (Male) |
| 18:13 | Create | Villager (Male) |
| 18:17 | Build | Farm |
| 18:17 | Build | Farm |
| 18:21 | Build | Farm |
| 18:23 | Create | Villager (Male) |
| 18:24 | Create | Villager (Male) |
| 18:27 | Create | Villager (Male) |
| 18:27 | Create | Villager (Male) |
| 18:35 | Create | Villager (Male) |
| 18:35 | Create | Villager (Male) |
| 18:44 | Build | Stone Wall |
| 18:45 | Build | Stone Wall |
| 18:46 | Build | Stone Wall |
| 18:47 | Create | Villager (Male) |
| 18:47 | Create | Villager (Male) |
| 18:55 | Create | Villager (Male) |
| 18:55 | Create | Villager (Male) |
| 18:57 | Build | Mining Camp |
| 19:02 | Create | Villager (Male) |
| 19:03 | Create | Villager (Male) |
| 19:05 | Create | Villager (Male) |
| 19:05 | Create | Villager (Male) |
| 19:11 | Create | Villager (Male) |
| 19:11 | Create | Villager (Male) |
| 19:16 | Create | Villager (Male) |
| 19:17 | Create | Villager (Male) |
| 19:30 | Create | Villager (Male) |
| 19:30 | Create | Villager (Male) |
| 19:34 | Create | Villager (Male) |
| 19:34 | Create | Villager (Male) |
| 19:39 | Build | House |
| 19:40 | Build | House |
| 19:41 | Build | House |
| 19:42 | Create | Villager (Male) |
| 19:42 | Create | Villager (Male) |
| 19:47 | Build | Stable |
| 19:48 | Create | Villager (Male) |
| 19:49 | Create | Villager (Male) |
| 19:49 | Create | Villager (Male) |
| 19:49 | Create | Villager (Male) |
| 20:04 | Create | Villager (Male) |
| 20:04 | Create | Villager (Male) |
| 20:05 | Create | Villager (Male) |
Build order — docsparkles
First 150 of 361 actions detected
| 0:02 | Create | Villager (Male) ×5 |
| 0:03 | Build | House |
| 0:05 | Build | House |
| 1:36 | Create | Villager (Male) |
| 1:44 | Build | Lumber Camp |
| 1:59 | Create | Villager (Male) |
| 2:33 | Create | Villager (Male) |
| 3:35 | Create | Villager (Male) |
| 3:49 | Build | House |
| 3:54 | Build | House |
| 3:58 | Build | Mill |
| 4:02 | Create | Villager (Male) |
| 4:02 | Create | Villager (Male) |
| 4:13 | Create | Villager (Male) |
| 4:13 | Create | Villager (Male) |
| 4:14 | Create | Villager (Male) |
| 4:35 | Create | Villager (Male) |
| 6:26 | Create | Villager (Male) |
| 6:28 | Create | Villager (Male) |
| 6:28 | Create | Villager (Male) |
| 6:29 | Create | Villager (Male) |
| 6:33 | Create | Villager (Male) |
| 6:35 | Create | Villager (Male) |
| 7:11 | Build | Lumber Camp |
| 8:03 | Research | Feudal Age |
| 9:03 | Build | Mining Camp |
| 9:58 | Create | Villager (Male) |
| 9:59 | Create | Villager (Male) |
| 10:27 | Build | Farm |
| 10:28 | Build | Farm |
| 10:53 | Age | Feudal Age |
| 10:55 | Build | Market |
| 10:58 | Build | House |
| 11:43 | Build | Blacksmith |
| 12:08 | Research | Castle Age |
| 12:29 | Build | Barracks |
| 13:11 | Create | Villager (Male) |
| 13:15 | Build | Stable |
| 13:20 | Create | Villager (Male) |
| 14:13 | Build | House |
| 14:15 | Build | House |
| 14:24 | Build | Farm |
| 14:25 | Research | Double-Bit Axe |
| 14:30 | Build | Farm |
| 14:32 | Build | Farm |
| 14:34 | Age | Castle Age |
| 14:48 | Build | Farm |
| 14:52 | Create | Villager (Male) |
| 15:01 | Build | House |
| 15:31 | Create | Knight |
| 15:37 | Research | Loom |
| 15:51 | Build | Monastery |
| 15:57 | Research | Horse Collar |
| 16:32 | Create | Monk |
| 16:39 | Build | House |
| 16:40 | Create | Villager (Male) |
| 17:04 | Build | Town Center |
| 17:06 | Create | Villager (Male) |
| 17:13 | Build | Farm |
| 17:14 | Build | Farm |
| 17:15 | Create | Monk |
| 17:23 | Build | Farm |
| 17:30 | Build | House |
| 17:40 | Create | Villager (Male) |
| 17:54 | Create | Villager (Male) |
| 18:02 | Build | House |
| 18:04 | Create | Villager (Male) |
| 18:07 | Create | Villager (Male) |
| 18:10 | Build | Lumber Camp |
| 18:12 | Create | Villager (Male) |
| 18:22 | Build | Farm |
| 18:30 | Build | Farm |
| 18:31 | Build | Farm |
| 18:31 | Build | Farm |
| 18:31 | Build | Farm |
| 18:39 | Build | House |
| 18:49 | Create | Villager (Male) |
| 18:49 | Create | Villager (Male) |
| 19:02 | Build | Farm |
| 19:05 | Build | Farm |
| 19:10 | Create | Villager (Male) |
| 19:23 | Build | Farm |
| 19:27 | Build | Farm |
| 19:36 | Create | Villager (Male) |
| 19:38 | Create | Villager (Male) |
| 19:53 | Create | Villager (Male) |
| 20:02 | Create | Villager (Male) |
| 20:06 | Create | Villager (Male) |
| 20:23 | Research | Heavy Plow |
| 20:28 | Create | Villager (Male) |
| 20:33 | Build | Farm |
| 20:34 | Build | Farm |
| 20:41 | Build | Farm |
| 21:01 | Create | Villager (Male) |
| 21:03 | Create | Villager (Male) |
| 21:04 | Create | Villager (Male) |
| 21:08 | Build | Farm |
| 21:12 | Build | Farm |
| 21:15 | Build | Farm |
| 21:19 | Build | Farm |
| 21:20 | Create | Villager (Male) |
| 21:21 | Create | Villager (Male) |
| 21:24 | Create | Villager (Male) |
| 21:30 | Build | Farm |
| 21:34 | Create | Villager (Male) |
| 21:50 | Create | Villager (Male) |
| 21:52 | Create | Villager (Male) |
| 21:56 | Create | Villager (Male) |
| 22:25 | Create | Villager (Male) |
| 22:28 | Create | Villager (Male) |
| 22:30 | Build | Town Center |
| 22:31 | Build | Farm |
| 22:31 | Build | Farm |
| 22:32 | Build | Farm |
| 22:40 | Create | Villager (Male) |
| 22:41 | Create | Villager (Male) |
| 22:47 | Build | Farm |
| 22:47 | Create | Villager (Male) |
| 23:02 | Research | Wheelbarrow |
| 23:03 | Create | Villager (Male) |
| 23:06 | Create | Villager (Male) |
| 23:07 | Create | Villager (Male) |
| 23:14 | Build | Farm |
| 23:17 | Build | Farm |
| 23:19 | Build | Farm |
| 23:20 | Create | Villager (Male) |
| 23:22 | Create | Villager (Male) |
| 23:22 | Create | Villager (Male) |
| 23:22 | Create | Villager (Male) |
| 23:28 | Build | Farm |
| 23:39 | Build | Town Center |
| 23:44 | Create | Villager (Male) |
| 23:45 | Create | Villager (Male) |
| 23:46 | Create | Villager (Male) |
| 23:48 | Create | Villager (Male) |
| 23:52 | Build | House |
| 23:54 | Build | House |
| 23:55 | Build | House |
| 23:56 | Build | House |
| 23:57 | Build | House |
| 24:01 | Create | Villager (Male) |
| 24:01 | Create | Villager (Male) |
| 24:08 | Build | Farm |
| 24:25 | Build | Mining Camp |
| 24:26 | Create | Villager (Male) |
| 24:29 | Create | Villager (Male) |
| 24:32 | Create | Villager (Male) |
| 24:45 | Build | Lumber Camp |
| 24:51 | Create | Villager (Male) |
| 24:52 | Create | Villager (Male) |
Build order — ZzzQqq
First 150 of 467 actions detected
| 0:04 | Create | Villager (Male) |
| 0:04 | Create | Villager (Male) |
| 0:04 | Create | Villager (Male) |
| 0:05 | Create | Villager (Male) |
| 0:07 | Build | House |
| 0:09 | Build | House |
| 1:31 | Create | Villager (Male) |
| 1:56 | Build | Lumber Camp |
| 2:05 | Create | Villager (Male) |
| 2:23 | Create | Villager (Male) |
| 2:23 | Create | Villager (Male) |
| 3:00 | Create | Villager (Male) |
| 3:00 | Create | Villager (Male) |
| 3:00 | Create | Villager (Male) |
| 3:27 | Create | Villager (Male) |
| 3:27 | Create | Villager (Male) |
| 3:38 | Build | Mill |
| 4:05 | Build | House |
| 4:08 | Create | Villager (Male) |
| 4:08 | Create | Villager (Male) |
| 4:08 | Create | Villager (Male) |
| 4:39 | Build | House |
| 5:06 | Create | Villager (Male) |
| 5:07 | Create | Villager (Male) |
| 5:12 | Create | Villager (Male) |
| 5:13 | Create | Villager (Male) |
| 6:08 | Create | Villager (Male) |
| 6:08 | Create | Villager (Male) |
| 6:10 | Create | Villager (Male) |
| 6:10 | Create | Villager (Male) |
| 6:49 | Create | Villager (Male) |
| 6:49 | Create | Villager (Male) |
| 7:17 | Create | Villager (Male) |
| 7:17 | Create | Villager (Male) |
| 8:09 | Research | Feudal Age |
| 9:15 | Build | Farm |
| 9:17 | Build | Farm |
| 9:53 | Build | House |
| 10:29 | Build | Farm |
| 10:48 | Create | Villager (Male) |
| 10:48 | Create | Villager (Male) |
| 11:02 | Age | Feudal Age |
| 11:09 | Build | Market |
| 11:13 | Build | Blacksmith |
| 12:03 | Create | Villager (Male) |
| 12:10 | Research | Castle Age |
| 12:10 | Research | Castle Age |
| 12:21 | Research | Double-Bit Axe |
| 12:21 | Research | Double-Bit Axe |
| 12:31 | Research | Horse Collar |
| 12:32 | Research | Horse Collar |
| 13:11 | Build | Farm |
| 13:12 | Build | Farm |
| 13:18 | Build | Farm |
| 13:20 | Build | Farm |
| 14:19 | Create | Villager (Male) |
| 14:19 | Create | Villager (Male) |
| 14:31 | Build | Farm |
| 14:50 | Age | Castle Age |
| 14:54 | Build | Town Center |
| 15:00 | Build | Town Center |
| 15:17 | Build | Mining Camp |
| 15:18 | Create | Villager (Male) |
| 15:19 | Create | Villager (Male) |
| 15:22 | Build | Barracks |
| 15:30 | Build | Siege Workshop |
| 15:35 | Create | Villager (Male) |
| 15:36 | Create | Villager (Male) |
| 15:46 | Build | Mining Camp |
| 15:52 | Create | Villager (Male) |
| 15:52 | Create | Villager (Male) |
| 16:09 | Build | House |
| 16:13 | Build | House |
| 16:16 | Build | House |
| 16:19 | Build | House |
| 16:25 | Build | Stone Wall |
| 16:30 | Build | House |
| 16:32 | Build | House |
| 16:37 | Create | Villager (Male) |
| 16:37 | Create | Villager (Male) |
| 17:07 | Create | Villager (Male) |
| 17:07 | Create | Villager (Male) |
| 17:24 | Create | Mangonel |
| 17:41 | Build | Farm |
| 17:47 | Create | Villager (Male) |
| 17:47 | Create | Villager (Male) |
| 17:56 | Create | Villager (Male) |
| 17:57 | Create | Villager (Male) |
| 18:29 | Build | Krepost |
| 18:49 | Create | Villager (Male) |
| 18:50 | Create | Villager (Male) |
| 18:58 | Build | Farm |
| 19:00 | Build | Farm |
| 19:11 | Create | Villager (Male) |
| 19:11 | Create | Villager (Male) |
| 19:21 | Build | Farm |
| 19:24 | Build | Farm |
| 19:28 | Build | Farm |
| 19:31 | Build | Farm |
| 19:34 | Build | Farm |
| 19:34 | Create | Villager (Male) |
| 19:34 | Create | Villager (Male) |
| 19:52 | Create | Villager (Male) |
| 19:52 | Create | Villager (Male) |
| 20:20 | Create | Mangonel |
| 20:21 | Create | Villager (Male) |
| 20:21 | Create | Villager (Male) |
| 20:21 | Create | Villager (Male) |
| 20:26 | Create | Villager (Male) |
| 20:26 | Create | Villager (Male) |
| 20:32 | Build | Farm |
| 20:35 | Build | Farm |
| 20:42 | Create | Villager (Male) |
| 20:42 | Create | Villager (Male) |
| 20:56 | Create | Villager (Male) |
| 20:57 | Create | Villager (Male) |
| 21:03 | Build | Farm |
| 21:06 | Build | Farm |
| 21:07 | Build | Farm |
| 21:10 | Build | Mill |
| 21:12 | Build | Farm |
| 21:13 | Create | Villager (Male) |
| 21:13 | Create | Villager (Male) |
| 21:17 | Build | Farm |
| 21:20 | Build | Farm |
| 21:23 | Create | Villager (Male) |
| 21:23 | Create | Villager (Male) |
| 21:43 | Create | Konnik |
| 22:07 | Build | Siege Workshop |
| 22:11 | Build | Stable |
| 22:12 | Build | Farm |
| 22:23 | Research | Scale Barding Armor |
| 22:24 | Research | Scale Barding Armor |
| 22:25 | Research | Forging |
| 22:52 | Build | Stable |
| 22:58 | Build | Stone Wall |
| 23:09 | Research | Bloodlines |
| 23:10 | Create | Scout Cavalry |
| 23:14 | Build | Stable |
| 23:16 | Create | Villager (Male) |
| 23:17 | Create | Villager (Male) |
| 23:17 | Create | Villager (Male) |
| 23:20 | Build | Farm |
| 23:20 | Create | Villager (Male) |
| 23:21 | Create | Villager (Male) |
| 23:25 | Build | Farm |
| 23:28 | Build | Farm |
| 23:31 | Create | Villager (Male) |
| 23:32 | Create | Villager (Male) |
| 24:14 | Create | Scout Cavalry |
Build order — SCAB
First 150 of 185 actions detected
| 0:01 | Create | Villager (Male) |
| 0:01 | Create | Villager (Male) |
| 0:01 | Create | Villager (Male) |
| 0:03 | Build | House |
| 0:05 | Build | House |
| 0:17 | Create | Villager (Male) |
| 0:18 | Create | Villager (Male) |
| 1:19 | Create | Villager (Male) |
| 1:20 | Create | Villager (Male) |
| 1:54 | Build | Lumber Camp |
| 2:01 | Create | Villager (Male) |
| 2:06 | Create | Villager (Male) |
| 2:06 | Create | Villager (Male) |
| 2:50 | Create | Villager (Male) |
| 3:02 | Create | Villager (Male) |
| 3:02 | Create | Villager (Male) |
| 3:15 | Create | Villager (Male) |
| 3:52 | Build | House |
| 3:53 | Build | House |
| 3:53 | Build | House |
| 3:54 | Build | House |
| 3:59 | Create | Villager (Male) |
| 4:19 | Create | Villager (Male) |
| 4:23 | Create | Villager (Male) |
| 4:23 | Create | Villager (Male) |
| 5:01 | Create | Villager (Male) |
| 5:07 | Create | Villager (Male) |
| 5:14 | Build | Mill |
| 5:25 | Create | Villager (Male) |
| 5:50 | Create | Villager (Male) |
| 5:50 | Create | Villager (Male) |
| 6:10 | Create | Villager (Male) |
| 6:13 | Build | Farm |
| 6:14 | Build | Farm |
| 6:37 | Build | Farm |
| 6:53 | Create | Villager (Male) |
| 8:04 | Research | Feudal Age |
| 8:06 | Build | Mining Camp |
| 10:27 | Create | Villager (Male) |
| 10:27 | Create | Villager (Male) |
| 10:31 | Age | Feudal Age |
| 10:33 | Build | Market |
| 10:35 | Build | Blacksmith |
| 11:22 | Research | Castle Age |
| 11:22 | Research | Castle Age |
| 12:10 | Research | Horse Collar |
| 12:11 | Research | Double-Bit Axe |
| 12:58 | Build | House |
| 12:59 | Build | House |
| 13:08 | Build | House |
| 14:02 | Age | Castle Age |
| 14:03 | Build | Siege Workshop |
| 14:05 | Create | Villager (Male) |
| 14:06 | Create | Villager (Male) |
| 14:30 | Build | Monastery |
| 14:45 | Build | Palisade Wall |
| 14:51 | Create | Villager (Male) |
| 14:55 | Create | Mangonel |
| 14:55 | Create | Armored Elephant |
| 15:09 | Build | Monastery |
| 15:22 | Create | Villager (Male) |
| 15:26 | Create | Monk |
| 15:35 | Create | Villager (Male) |
| 15:38 | Build | Farm |
| 15:39 | Build | Farm |
| 15:50 | Create | Monk |
| 15:55 | Create | Monk |
| 15:56 | Create | Monk |
| 16:02 | Build | House |
| 16:05 | Create | Villager (Male) |
| 16:12 | Build | Farm |
| 16:47 | Build | House |
| 16:48 | Create | Villager (Male) |
| 16:59 | Create | Armored Elephant |
| 17:04 | Research | Sanctity |
| 17:25 | Create | Villager (Male) |
| 17:25 | Create | Villager (Male) |
| 17:27 | Build | Farm |
| 17:27 | Build | Farm |
| 17:32 | Build | Farm |
| 17:33 | Build | Farm |
| 17:41 | Build | House |
| 17:42 | Build | House |
| 17:47 | Create | Monk |
| 17:47 | Create | Monk |
| 17:48 | Create | Villager (Male) |
| 18:16 | Create | Monk |
| 18:16 | Create | Monk |
| 18:16 | Create | Villager (Male) |
| 18:29 | Create | Mangonel |
| 18:51 | Build | House |
| 18:52 | Build | House |
| 18:52 | Create | Villager (Male) |
| 19:19 | Create | Villager (Male) |
| 19:19 | Create | Villager (Male) |
| 19:49 | Create | Armored Elephant |
| 19:50 | Create | Armored Elephant |
| 19:56 | Create | Villager (Male) |
| 20:00 | Build | Town Center |
| 20:24 | Create | Villager (Male) |
| 20:24 | Create | Villager (Male) |
| 20:41 | Create | Monk |
| 20:41 | Create | Monk |
| 20:43 | Research | Redemption |
| 20:47 | Build | House |
| 20:48 | Build | House |
| 20:52 | Build | Farm |
| 20:52 | Build | Farm |
| 20:57 | Build | Farm |
| 21:01 | Create | Villager (Male) |
| 21:02 | Create | Villager (Male) |
| 21:03 | Build | Farm |
| 21:32 | Create | Villager (Male) |
| 21:32 | Create | Villager (Male) |
| 21:33 | Create | Villager (Male) |
| 21:55 | Create | Villager (Male) |
| 21:55 | Create | Villager (Male) |
| 22:08 | Create | Monk |
| 22:08 | Create | Monk |
| 22:30 | Build | Farm |
| 22:32 | Build | Farm |
| 22:32 | Build | Farm |
| 22:48 | Create | Villager (Male) |
| 22:49 | Create | Villager (Male) |
| 23:04 | Create | Villager (Male) |
| 23:05 | Create | Villager (Male) |
| 23:17 | Build | Farm |
| 23:31 | Create | Villager (Male) |
| 23:31 | Create | Villager (Male) |
| 23:44 | Create | Villager (Male) |
| 23:44 | Create | Villager (Male) |
| 23:55 | Create | Villager (Male) |
| 23:55 | Create | Villager (Male) |
| 24:12 | Create | Villager (Male) |
| 24:12 | Create | Villager (Male) |
| 24:29 | Create | Villager (Male) |
| 24:29 | Create | Villager (Male) |
| 24:36 | Build | Town Center |
| 24:38 | Create | Villager (Male) |
| 25:19 | Create | Villager (Male) |
| 25:19 | Create | Villager (Male) |
| 25:30 | Create | Villager (Male) |
| 25:31 | Create | Villager (Male) |
| 25:53 | Create | Villager (Male) |
| 25:54 | Create | Villager (Male) |
| 25:54 | Create | Villager (Male) |
| 26:17 | Build | Monastery |
| 26:35 | Build | Farm |
| 26:35 | Build | Farm |
| 26:35 | Build | Farm |
Build order — Qiuuuuuu2。
First 150 of 554 actions detected
| 0:02 | Create | Villager (Male) |
| 0:03 | Create | Villager (Male) |
| 0:03 | Create | Villager (Male) |
| 0:03 | Create | Villager (Male) |
| 0:03 | Create | Villager (Male) |
| 0:05 | Build | House |
| 0:08 | Build | House |
| 1:40 | Create | Villager (Male) |
| 1:40 | Create | Villager (Male) |
| 2:01 | Create | Villager (Male) |
| 2:01 | Create | Villager (Male) |
| 2:19 | Create | Villager (Male) |
| 2:20 | Create | Villager (Male) |
| 2:53 | Create | Villager (Male) |
| 2:53 | Create | Villager (Male) |
| 3:02 | Create | Villager (Male) |
| 3:03 | Create | Villager (Male) |
| 3:32 | Build | House |
| 3:33 | Build | House |
| 3:34 | Build | House |
| 3:59 | Build | Lumber Camp |
| 4:11 | Create | Villager (Male) |
| 4:11 | Create | Villager (Male) |
| 4:11 | Create | Villager (Male) |
| 5:00 | Create | Villager (Male) |
| 5:00 | Create | Villager (Male) |
| 5:34 | Create | Villager (Male) |
| 5:34 | Create | Villager (Male) |
| 6:04 | Create | Villager (Male) |
| 6:04 | Create | Villager (Male) |
| 6:37 | Build | Mill |
| 6:42 | Create | Villager (Male) |
| 6:42 | Create | Villager (Male) |
| 6:42 | Create | Villager (Male) |
| 6:42 | Create | Villager (Male) |
| 6:53 | Create | Villager (Male) |
| 8:33 | Create | Villager (Male) |
| 8:41 | Build | Mining Camp |
| 9:08 | Create | Villager (Male) |
| 9:08 | Create | Villager (Male) |
| 9:15 | Build | Farm |
| 9:25 | Research | Feudal Age |
| 9:41 | Build | Farm |
| 9:56 | Build | Farm |
| 11:03 | Create | Villager (Male) |
| 11:03 | Create | Villager (Male) |
| 11:26 | Create | Villager (Male) |
| 11:48 | Age | Feudal Age |
| 11:50 | Build | Market |
| 11:53 | Build | Blacksmith |
| 12:33 | Build | House |
| 12:34 | Build | House |
| 12:40 | Build | Farm |
| 12:41 | Build | Farm |
| 12:42 | Build | Farm |
| 13:01 | Build | Farm |
| 13:09 | Research | Castle Age |
| 13:09 | Research | Castle Age |
| 13:16 | Build | House |
| 13:23 | Research | Double-Bit Axe |
| 13:24 | Research | Double-Bit Axe |
| 13:51 | Build | Farm |
| 14:01 | Build | Farm |
| 14:13 | Build | House |
| 14:27 | Build | Palisade Wall |
| 14:31 | Build | Farm |
| 15:00 | Create | Villager (Male) |
| 15:01 | Create | Villager (Male) |
| 15:49 | Age | Castle Age |
| 15:50 | Build | Town Center |
| 16:15 | Build | Town Center |
| 16:29 | Build | Town Center |
| 16:33 | Create | Villager (Male) |
| 16:39 | Research | Bow Saw |
| 16:39 | Research | Bow Saw |
| 16:47 | Create | Villager (Male) |
| 17:25 | Create | Villager (Male) |
| 17:28 | Research | Wheelbarrow |
| 17:33 | Build | Farm |
| 17:42 | Build | Farm |
| 17:42 | Build | Farm |
| 17:43 | Build | Farm |
| 17:44 | Build | Farm |
| 17:47 | Create | Villager (Male) |
| 17:49 | Build | Farm |
| 17:53 | Research | Loom |
| 17:54 | Create | Villager (Male) |
| 18:10 | Build | Farm |
| 18:25 | Build | Farm |
| 18:27 | Create | Villager (Male) |
| 18:30 | Build | Farm |
| 18:34 | Create | Villager (Male) |
| 18:35 | Create | Villager (Male) |
| 19:03 | Build | Farm |
| 19:05 | Build | Farm |
| 19:07 | Build | Mill |
| 19:09 | Create | Villager (Male) |
| 19:11 | Create | Villager (Male) |
| 19:17 | Create | Villager (Male) |
| 19:17 | Create | Villager (Male) |
| 19:23 | Build | Farm |
| 19:24 | Build | Farm |
| 19:25 | Build | Farm |
| 19:25 | Build | Farm |
| 19:26 | Build | Farm |
| 19:32 | Create | Villager (Male) |
| 19:34 | Create | Villager (Male) |
| 19:36 | Create | Villager (Male) |
| 19:37 | Create | Villager (Male) |
| 19:37 | Create | Villager (Male) |
| 19:39 | Build | Farm |
| 19:46 | Build | Farm |
| 19:59 | Create | Villager (Male) |
| 20:05 | Create | Villager (Male) |
| 20:08 | Create | Villager (Male) |
| 20:11 | Build | Farm |
| 20:13 | Build | Farm |
| 20:15 | Create | Villager (Male) |
| 20:27 | Research | Loom |
| 20:29 | Create | Villager (Male) |
| 20:33 | Build | Farm |
| 20:36 | Build | Farm |
| 20:36 | Build | Farm |
| 20:38 | Create | Villager (Male) |
| 20:42 | Build | Farm |
| 20:44 | Create | Villager (Male) |
| 20:46 | Create | Villager (Male) |
| 20:48 | Create | Villager (Male) |
| 20:54 | Build | Lumber Camp |
| 21:15 | Build | Farm |
| 21:18 | Create | Villager (Male) |
| 21:24 | Create | Villager (Male) |
| 21:26 | Create | Villager (Male) |
| 21:28 | Build | Farm |
| 21:37 | Build | House |
| 21:38 | Build | House |
| 21:47 | Research | Gold Mining |
| 21:47 | Research | Gold Mining |
| 21:50 | Create | Villager (Male) |
| 21:58 | Build | Farm |
| 22:05 | Build | Mill |
| 22:07 | Create | Villager (Male) |
| 22:07 | Create | Villager (Male) |
| 22:09 | Create | Villager (Male) |
| 22:10 | Create | Villager (Male) |
| 22:11 | Create | Villager (Male) |
| 22:22 | Build | Mill |
| 22:24 | Create | Villager (Male) |
| 22:35 | Build | House |
| 22:36 | Build | House |
Build order — 彭大帅
First 150 of 413 actions detected
| 0:06 | Create | Villager (Male) |
| 0:06 | Create | Villager (Male) |
| 0:10 | Build | House |
| 0:11 | Build | House |
| 0:12 | Create | Villager (Male) |
| 0:12 | Create | Villager (Male) |
| 0:13 | Create | Villager (Male) |
| 1:33 | Create | Villager (Male) |
| 2:12 | Create | Villager (Male) |
| 2:12 | Create | Villager (Male) |
| 2:12 | Create | Villager (Male) |
| 2:13 | Create | Villager (Male) |
| 3:05 | Create | Villager (Male) |
| 3:05 | Create | Villager (Male) |
| 3:26 | Create | Villager (Male) |
| 3:26 | Create | Villager (Male) |
| 3:37 | Build | House |
| 3:39 | Build | House |
| 3:59 | Build | Mule Cart |
| 4:32 | Create | Villager (Male) |
| 4:32 | Create | Villager (Male) |
| 4:39 | Create | Villager (Male) |
| 5:05 | Create | Villager (Male) |
| 5:25 | Create | Villager (Male) |
| 6:22 | Create | Villager (Male) |
| 6:41 | Build | Mill |
| 6:51 | Create | Villager (Male) |
| 7:08 | Create | Villager (Male) |
| 7:49 | Create | Villager (Male) |
| 8:02 | Build | Mule Cart |
| 8:42 | Research | Feudal Age |
| 9:13 | Build | House |
| 9:14 | Build | House |
| 9:28 | Create | Villager (Male) |
| 10:48 | Create | Villager (Male) |
| 10:52 | Age | Feudal Age |
| 11:22 | Create | Villager (Male) |
| 12:02 | Create | Villager (Male) |
| 12:28 | Create | Villager (Male) |
| 12:39 | Create | Villager (Male) |
| 13:02 | Build | Farm |
| 13:13 | Build | Barracks |
| 13:16 | Create | Villager (Male) |
| 13:26 | Create | Villager (Male) |
| 13:31 | Build | Farm |
| 13:57 | Create | Villager (Male) |
| 14:15 | Create | Villager (Male) |
| 14:20 | Build | Blacksmith |
| 14:37 | Create | Villager (Male) |
| 15:14 | Build | Market |
| 15:15 | Create | Villager (Male) |
| 15:24 | Build | Farm |
| 15:24 | Build | Farm |
| 15:25 | Build | Farm |
| 15:25 | Build | Farm |
| 15:26 | Build | Farm |
| 15:26 | Build | Farm |
| 15:26 | Build | Farm |
| 15:27 | Build | Farm |
| 15:27 | Build | Farm |
| 15:28 | Build | Farm |
| 15:29 | Build | Farm |
| 15:30 | Build | Farm |
| 15:33 | Create | Villager (Male) |
| 15:45 | Create | Villager (Male) |
| 15:59 | Build | House |
| 15:59 | Build | House |
| 16:03 | Build | Farm |
| 16:07 | Research | Castle Age |
| 16:14 | Research | Horse Collar |
| 16:14 | Research | Horse Collar |
| 16:30 | Research | Double-Bit Axe |
| 16:30 | Research | Double-Bit Axe |
| 17:00 | Create | Spearman |
| 17:00 | Create | Spearman |
| 17:10 | Build | House |
| 17:15 | Create | Villager (Male) |
| 17:38 | Build | Mule Cart |
| 17:44 | Build | Farm |
| 17:44 | Build | Farm |
| 17:46 | Build | Farm |
| 17:47 | Build | Farm |
| 17:48 | Build | Farm |
| 17:50 | Build | Farm |
| 17:59 | Build | House |
| 18:00 | Build | House |
| 18:26 | Create | Villager (Male) |
| 18:42 | Build | House |
| 18:43 | Build | House |
| 18:47 | Create | Villager (Male) |
| 18:48 | Age | Castle Age |
| 19:11 | Build | Monastery |
| 19:24 | Build | Town Center |
| 19:31 | Create | Villager (Male) |
| 19:54 | Build | House |
| 19:55 | Create | Monk |
| 19:55 | Create | Monk |
| 20:00 | Research | Pikeman (upgrade) |
| 20:05 | Build | Farm |
| 20:07 | Research | Wheelbarrow |
| 20:12 | Build | Farm |
| 20:30 | Build | House |
| 20:32 | Build | House |
| 20:35 | Create | Villager (Male) |
| 20:38 | Build | Farm |
| 20:48 | Research | Squires |
| 20:49 | Create | Spearman |
| 20:55 | Research | Forging |
| 21:26 | Build | House |
| 21:30 | Create | Villager (Male) |
| 21:31 | Create | Villager (Male) |
| 21:44 | Create | Spearman |
| 22:23 | Create | Villager (Male) |
| 22:23 | Create | Villager (Male) |
| 22:24 | Create | Villager (Male) |
| 22:25 | Create | Villager (Male) |
| 22:25 | Create | Villager (Male) |
| 22:25 | Create | Villager (Male) |
| 22:26 | Create | Villager (Male) |
| 22:33 | Build | House |
| 22:34 | Build | House |
| 22:38 | Build | Town Center |
| 23:06 | Create | Villager (Male) |
| 23:11 | Build | Farm |
| 23:11 | Build | Farm |
| 23:12 | Build | Farm |
| 23:12 | Build | Farm |
| 23:12 | Build | Farm |
| 23:12 | Build | Farm |
| 23:13 | Build | Farm |
| 23:14 | Build | Farm |
| 23:16 | Create | Villager (Male) |
| 23:22 | Create | Villager (Male) |
| 23:46 | Create | Villager (Male) |
| 23:47 | Create | Villager (Male) |
| 24:12 | Build | Barracks |
| 24:16 | Create | Villager (Male) |
| 24:17 | Create | Villager (Male) |
| 24:18 | Create | Villager (Male) |
| 24:24 | Create | Villager (Male) |
| 24:25 | Create | Villager (Male) |
| 24:25 | Create | Villager (Male) |
| 24:35 | Create | Villager (Male) |
| 24:42 | Build | Farm |
| 24:43 | Build | Farm |
| 24:43 | Build | Farm |
| 24:43 | Build | Farm |
| 24:45 | Build | Farm |
| 24:45 | Build | Farm |
| 24:46 | Build | Farm |
Build order — 630406632
First 150 of 309 actions detected
| 0:02 | Create | Villager (Male) |
| 0:02 | Create | Villager (Male) |
| 0:04 | Build | House |
| 0:06 | Build | House |
| 0:31 | Create | Villager (Male) |
| 0:31 | Create | Villager (Male) |
| 1:49 | Build | Lumber Camp |
| 1:50 | Create | Villager (Male) |
| 1:51 | Create | Villager (Male) |
| 1:51 | Create | Villager (Male) |
| 2:24 | Create | Villager (Male) |
| 2:46 | Create | Villager (Male) |
| 3:23 | Create | Villager (Male) |
| 3:37 | Build | House |
| 3:43 | Create | Villager (Male) |
| 3:44 | Create | Villager (Male) |
| 4:04 | Build | Mill |
| 4:08 | Create | Villager (Male) |
| 4:33 | Build | House |
| 4:50 | Create | Villager (Male) |
| 4:50 | Create | Villager (Male) |
| 5:19 | Create | Villager (Male) |
| 5:19 | Create | Villager (Male) |
| 5:52 | Build | House |
| 6:07 | Create | Villager (Male) |
| 6:07 | Create | Villager (Male) |
| 6:58 | Create | Villager (Male) |
| 6:58 | Create | Villager (Male) |
| 7:51 | Build | Mining Camp |
| 7:55 | Create | Villager (Male) |
| 7:55 | Create | Villager (Male) |
| 8:38 | Create | Villager (Male) |
| 8:47 | Build | Farm |
| 8:50 | Build | Farm |
| 8:53 | Build | Farm |
| 9:06 | Research | Feudal Age |
| 9:16 | Build | Mining Camp |
| 10:23 | Create | Villager (Male) |
| 10:23 | Create | Villager (Male) |
| 10:41 | Build | Farm |
| 10:59 | Create | Villager (Male) |
| 11:31 | Age | Feudal Age |
| 11:39 | Build | Market |
| 11:46 | Build | Blacksmith |
| 12:46 | Research | Castle Age |
| 12:50 | Build | House |
| 12:53 | Research | Double-Bit Axe |
| 13:06 | Research | Horse Collar |
| 13:17 | Build | Farm |
| 13:24 | Build | House |
| 14:44 | Build | Lumber Camp |
| 14:51 | Build | Farm |
| 15:22 | Create | Villager (Male) |
| 15:22 | Create | Villager (Male) |
| 15:26 | Age | Castle Age |
| 15:31 | Build | Town Center |
| 15:36 | Research | Bow Saw |
| 15:37 | Research | Bow Saw |
| 15:50 | Build | Town Center |
| 15:56 | Build | Farm |
| 15:59 | Create | Villager (Male) |
| 15:59 | Create | Villager (Male) |
| 16:21 | Build | Farm |
| 16:28 | Create | Villager (Male) |
| 16:35 | Build | Farm |
| 16:39 | Build | Farm |
| 16:42 | Build | Farm |
| 16:43 | Build | Farm |
| 16:47 | Create | Villager (Male) |
| 17:22 | Research | Heavy Plow |
| 17:32 | Create | Villager (Male) |
| 17:33 | Create | Villager (Male) |
| 17:41 | Build | Castle |
| 17:48 | Build | Farm |
| 17:49 | Build | Farm |
| 17:51 | Build | Farm |
| 17:53 | Create | Villager (Male) |
| 17:58 | Research | Loom |
| 18:08 | Build | Farm |
| 18:10 | Create | Villager (Male) |
| 18:13 | Create | Villager (Male) |
| 18:24 | Build | Farm |
| 18:25 | Build | Farm |
| 18:28 | Create | Villager (Male) |
| 18:35 | Build | Farm |
| 18:37 | Create | Villager (Male) |
| 18:42 | Create | Villager (Male) |
| 18:55 | Build | Farm |
| 18:58 | Create | Villager (Male) |
| 19:05 | Create | Villager (Male) |
| 19:08 | Build | House |
| 19:14 | Create | Villager (Male) |
| 19:25 | Create | Villager (Male) |
| 19:33 | Build | Farm |
| 19:34 | Build | Farm |
| 19:36 | Create | Villager (Male) |
| 19:45 | Create | Villager (Male) |
| 19:46 | Create | Villager (Male) |
| 19:59 | Build | Farm |
| 20:01 | Build | Farm |
| 20:06 | Create | Villager (Male) |
| 20:11 | Create | Villager (Male) |
| 20:21 | Research | Wheelbarrow |
| 20:28 | Build | House |
| 20:30 | Build | House |
| 20:36 | Build | University |
| 20:38 | Create | Villager (Male) |
| 20:39 | Create | Villager (Male) |
| 20:41 | Create | Villager (Male) |
| 20:47 | Create | Villager (Male) |
| 20:54 | Build | Farm |
| 20:56 | Build | Farm |
| 20:59 | Build | Farm |
| 21:03 | Create | Villager (Male) |
| 21:08 | Create | Villager (Male) |
| 21:09 | Create | Villager (Male) |
| 21:19 | Create | Villager (Male) |
| 21:20 | Create | Villager (Male) |
| 21:25 | Create | Villager (Male) |
| 21:34 | Research | Stone Mining |
| 21:38 | Create | Villager (Male) |
| 21:50 | Build | Town Center |
| 21:53 | Create | Villager (Male) |
| 22:01 | Build | Farm |
| 22:08 | Build | Farm |
| 22:12 | Build | Farm |
| 22:16 | Build | Farm |
| 22:18 | Create | Villager (Male) |
| 22:20 | Create | Villager (Male) |
| 22:24 | Research | Gold Mining |
| 22:25 | Create | Villager (Male) |
| 22:26 | Create | Villager (Male) |
| 22:27 | Create | Villager (Male) |
| 22:32 | Build | Farm |
| 22:40 | Build | Mill |
| 22:43 | Create | Villager (Male) |
| 22:44 | Create | Villager (Male) |
| 22:52 | Create | Villager (Male) |
| 22:53 | Create | Villager (Male) |
| 23:00 | Build | Farm |
| 23:02 | Build | Farm |
| 23:03 | Build | Farm |
| 23:07 | Build | Farm |
| 23:08 | Build | Farm |
| 23:12 | Build | Farm |
| 23:14 | Create | Villager (Male) |
| 23:15 | Create | Villager (Male) |
| 23:16 | Create | Villager (Male) |
| 23:27 | Create | Villager (Male) |
| 23:28 | Create | Villager (Male) |
Build order — B站孤岛求生
First 150 of 299 actions detected
| 0:04 | Create | Villager (Male) |
| 0:04 | Create | Villager (Male) |
| 0:04 | Create | Villager (Male) |
| 0:04 | Create | Villager (Male) |
| 0:05 | Create | Villager (Male) |
| 0:05 | Create | Villager (Male) |
| 0:07 | Build | House |
| 0:09 | Build | House |
| 1:36 | Create | Villager (Male) |
| 1:51 | Build | Lumber Camp |
| 2:08 | Create | Villager (Male) |
| 2:08 | Create | Villager (Male) |
| 2:46 | Create | Villager (Male) |
| 2:47 | Create | Villager (Male) |
| 2:47 | Create | Villager (Male) |
| 3:14 | Create | Villager (Male) |
| 3:15 | Create | Villager (Male) |
| 3:15 | Create | Villager (Male) |
| 3:15 | Create | Villager (Male) |
| 3:15 | Create | Villager (Male) |
| 4:06 | Create | Villager (Male) |
| 4:06 | Create | Villager (Male) |
| 4:06 | Create | Villager (Male) |
| 4:06 | Create | Villager (Male) |
| 4:07 | Create | Villager (Male) |
| 4:32 | Build | House |
| 4:55 | Create | Villager (Male) |
| 4:56 | Create | Villager (Male) |
| 4:56 | Create | Villager (Male) |
| 4:56 | Create | Villager (Male) |
| 4:59 | Build | House |
| 5:07 | Create | Villager (Male) |
| 5:07 | Create | Villager (Male) |
| 5:19 | Build | Mill |
| 5:59 | Create | Villager (Male) |
| 6:00 | Create | Villager (Male) |
| 6:00 | Create | Villager (Male) |
| 6:00 | Create | Villager (Male) |
| 6:09 | Create | Villager (Male) |
| 6:10 | Create | Villager (Male) |
| 6:10 | Create | Villager (Male) |
| 6:32 | Create | Villager (Male) |
| 7:16 | Research | Feudal Age |
| 7:45 | Build | Farm |
| 7:48 | Build | Farm |
| 7:52 | Build | Farm |
| 8:06 | Build | Farm |
| 8:17 | Create | Villager (Male) |
| 8:17 | Create | Villager (Male) |
| 8:40 | Build | Farm |
| 8:48 | Build | Farm |
| 9:26 | Age | Feudal Age |
| 9:28 | Research | Wheelbarrow |
| 9:33 | Create | Villager (Male) |
| 10:09 | Build | Town Center |
| 10:26 | Create | Villager (Male) |
| 10:28 | Create | Villager (Male) |
| 10:34 | Research | Double-Bit Axe |
| 10:53 | Create | Villager (Male) |
| 11:25 | Research | Horse Collar |
| 11:45 | Research | Wheelbarrow |
| 12:01 | Create | Villager (Male) |
| 12:04 | Create | Villager (Male) |
| 12:15 | Create | Villager (Male) |
| 12:47 | Build | Lumber Camp |
| 12:49 | Create | Villager (Male) |
| 12:49 | Create | Villager (Male) |
| 12:50 | Create | Villager (Male) |
| 12:59 | Build | House |
| 13:21 | Build | Farm |
| 13:22 | Create | Villager (Male) |
| 13:23 | Create | Villager (Male) |
| 13:30 | Build | House |
| 14:01 | Create | Villager (Male) |
| 14:02 | Create | Villager (Male) |
| 14:02 | Create | Villager (Male) |
| 14:02 | Create | Villager (Male) |
| 14:08 | Build | House |
| 14:09 | Create | Villager (Male) |
| 14:11 | Build | Farm |
| 14:28 | Build | Farm |
| 14:34 | Build | Farm |
| 14:41 | Create | Villager (Male) |
| 14:41 | Create | Villager (Male) |
| 14:44 | Build | House |
| 14:54 | Build | Farm |
| 14:59 | Create | Villager (Male) |
| 14:59 | Create | Villager (Male) |
| 15:00 | Build | Farm |
| 15:15 | Build | House |
| 15:19 | Build | Farm |
| 15:24 | Build | Farm |
| 15:26 | Create | Villager (Male) |
| 15:27 | Create | Villager (Male) |
| 15:46 | Build | Farm |
| 15:52 | Build | Farm |
| 15:54 | Create | Villager (Male) |
| 15:54 | Create | Villager (Male) |
| 16:04 | Build | House |
| 16:06 | Build | House |
| 16:09 | Build | Farm |
| 16:18 | Build | Farm |
| 16:24 | Build | Market |
| 16:28 | Build | Blacksmith |
| 16:29 | Create | Villager (Male) |
| 16:30 | Create | Villager (Male) |
| 16:34 | Build | Farm |
| 16:37 | Create | Villager (Male) |
| 16:38 | Create | Villager (Male) |
| 16:42 | Build | Farm |
| 16:44 | Create | Villager (Male) |
| 16:44 | Create | Villager (Male) |
| 16:52 | Build | Mining Camp |
| 17:15 | Build | Farm |
| 17:20 | Build | Lumber Camp |
| 17:21 | Create | Villager (Male) |
| 17:22 | Create | Villager (Male) |
| 17:32 | Build | Farm |
| 17:38 | Build | Farm |
| 17:39 | Create | Villager (Male) |
| 17:47 | Research | Gold Mining |
| 17:50 | Create | Villager (Male) |
| 17:51 | Create | Villager (Male) |
| 18:08 | Build | House |
| 18:09 | Build | House |
| 18:12 | Create | Villager (Male) |
| 18:13 | Create | Villager (Male) |
| 18:23 | Build | Farm |
| 18:27 | Create | Villager (Male) |
| 18:29 | Create | Villager (Male) |
| 18:47 | Create | Villager (Male) |
| 18:49 | Create | Villager (Male) |
| 18:54 | Build | Barracks |
| 19:10 | Build | Farm |
| 19:11 | Build | Farm |
| 19:14 | Create | Villager (Male) |
| 19:14 | Create | Villager (Male) |
| 19:27 | Research | Forging |
| 19:27 | Research | Scale Barding Armor |
| 20:07 | Build | Stable |
| 20:10 | Build | Stable |
| 20:11 | Research | Castle Age |
| 20:31 | Build | Farm |
| 20:38 | Build | Farm |
| 20:41 | Create | Villager (Male) |
| 20:41 | Create | Villager (Male) |
| 20:48 | Build | Stable |
| 20:51 | Build | Stable |
| 21:15 | Create | Villager (Male) |
| 21:22 | Research | Bloodlines |
Match timeline
| 9:26 | B站孤岛求生 · age_up feudal |
| 10:31 | SCAB · age_up feudal |
| 10:52 | 彭大帅 · age_up feudal |
| 10:53 | docsparkles · age_up feudal |
| 11:02 | ZzzQqq · age_up feudal |
| 11:21 | 冲车与羽箭手间滴故事 · age_up feudal |
| 11:31 | 630406632 · age_up feudal |
| 11:48 | Qiuuuuuu2。 · age_up feudal |
| 12:09 | ZzzQqq · first_market_sell 100 stone |
| 12:18 | 冲车与羽箭手间滴故事 · first_building Barracks |
| 12:29 | docsparkles · first_building Barracks |
| 13:13 | 彭大帅 · first_building Barracks |
| 13:15 | docsparkles · first_building Stable |
| 14:02 | SCAB · age_up castle |
| 14:03 | SCAB · first_building Siege Workshop |
| 14:27 | Qiuuuuuu2。 · wall_segment Palisade Wall x7 |
| 14:30 | SCAB · first_building Monastery |
| 14:34 | docsparkles · age_up castle |
| 14:45 | SCAB · wall_segment Palisade Wall x1 |
| 14:50 | ZzzQqq · age_up castle |
| 15:00 | 冲车与羽箭手间滴故事 · age_up castle |
| 15:22 | ZzzQqq · first_building Barracks |
| 15:26 | 630406632 · age_up castle |
| 15:30 | ZzzQqq · first_building Siege Workshop |
| 15:49 | Qiuuuuuu2。 · age_up castle |
| 15:51 | docsparkles · first_building Monastery |
| 16:25 | ZzzQqq · wall_segment Stone Wall x1 |
| 16:25 | 彭大帅 · first_market_buy 100 food |
| 17:41 | 630406632 · first_building Castle |
| 18:26 | docsparkles · first_market_buy 100 wood |
| 18:29 | ZzzQqq · first_building Krepost |
| 18:44 | 冲车与羽箭手间滴故事 · wall_segment Stone Wall x1 |
| 18:45 | 冲车与羽箭手间滴故事 · wall_segment Stone Wall x1 |
| 18:46 | 冲车与羽箭手间滴故事 · wall_segment Stone Wall x1 |
| 18:48 | 彭大帅 · age_up castle |
| 18:54 | B站孤岛求生 · first_building Barracks |
| 19:11 | 彭大帅 · first_building Monastery |
| 19:47 | 冲车与羽箭手间滴故事 · first_building Stable |
| 20:07 | B站孤岛求生 · first_building Stable |
| 21:45 | B站孤岛求生 · first_building Siege Workshop |
| 22:11 | ZzzQqq · first_building Stable |
| 22:58 | ZzzQqq · wall_segment Stone Wall x1 |
| 23:02 | B站孤岛求生 · age_up castle |
| 23:09 | Qiuuuuuu2。 · first_building Monastery |
| 23:44 | 冲车与羽箭手间滴故事 · first_market_buy 500 food |
| 24:51 | Qiuuuuuu2。 · first_building Barracks |
| 25:01 | ZzzQqq · first_building Monastery |
| 25:46 | Qiuuuuuu2。 · first_building Stable |
| 26:23 | docsparkles · first_building Siege Workshop |
| 27:05 | ZzzQqq · wall_segment Stone Wall x1 |
| 27:29 | Qiuuuuuu2。 · age_up imperial |
| 27:32 | ZzzQqq · first_building Castle |
| 27:59 | SCAB · first_market_buy 100 stone |
| 28:02 | 630406632 · first_building Siege Workshop |
| 28:53 | 630406632 · age_up imperial |
| 29:17 | SCAB · resign |
| 29:18 | docsparkles · first_market_sell 500 food |
| 29:22 | 630406632 · first_market_buy 100 stone |
| 29:26 | 630406632 · first_market_sell 100 food |
| 30:29 | Qiuuuuuu2。 · first_building Castle |
| 30:35 | 冲车与羽箭手间滴故事 · first_market_sell 500 wood |
| 31:01 | 冲车与羽箭手间滴故事 · first_building Castle |
| 33:15 | 冲车与羽箭手间滴故事 · wall_segment Stone Wall x19 |
| 33:49 | ZzzQqq · age_up imperial |
| 34:08 | 彭大帅 · first_building Castle |
| 34:31 | docsparkles · wall_segment Stone Wall x4 |
| 34:39 | 冲车与羽箭手间滴故事 · wall_segment Stone Wall x3 |
| 34:44 | 630406632 · wall_segment Stone Wall x2 |
| 34:56 | docsparkles · age_up imperial |
| 35:15 | 冲车与羽箭手间滴故事 · age_up imperial |
| 36:52 | docsparkles · first_building Archery Range |
| 37:50 | 冲车与羽箭手间滴故事 · wall_segment Stone Wall x4 |
| 38:06 | 冲车与羽箭手间滴故事 · wall_segment Stone Wall x4 |
| 38:11 | docsparkles · first_building Castle |
| 38:55 | 冲车与羽箭手间滴故事 · wall_segment Stone Wall x1 |
| 39:19 | docsparkles · wall_segment Palisade Wall x1 |
| 39:20 | docsparkles · wall_segment Palisade Wall x2 |
| 40:53 | 冲车与羽箭手间滴故事 · first_building Archery Range |
| 41:29 | 彭大帅 · age_up imperial |
| 41:40 | B站孤岛求生 · first_market_sell 500 wood |
| 41:43 | B站孤岛求生 · first_market_buy 500 food |
| 44:01 | 彭大帅 · first_building Archery Range |
[ AI ANALYSIS · 1 CREDIT ]
What really happened in this match?
Wolo.gg analyzes every decision: build order, eco, micro, common mistakes by bracket. Personalized analysis on WhatsApp or Discord in 30 seconds.
Civ guide
Mongols
Map guide
Arena
Perfil
Jugador #17781000